 Dungeon Crawl Stone Soup version 0.30-a0-626-gd6a5dd7a1f (console) character file.

Game seed: 6644176635688023347

2875 Ignak the Covert (level 9, -1/58 HPs)
             Began as an Octopode Enchanter on Jan 11, 2023.
             Was a Believer of Dithmenos.
             Slain by an orc warrior
             ... wielding a +0 flail
              (14 damage)
             ... on level 7 of the Dungeon.
             The game lasted 00:16:05 (6163 turns).

Ignak the Covert (Octopode Enchanter)               Turns: 6163, Time: 00:16:06

Health: -1/58      AC:  1    Str:  7    XL:     9   Next: 76%
Magic:  9/15       EV: 21    Int: 17    God:    Dithmenos [**....]
Gold:   339        SH:  5    Dex: 17    Spells: 2/16 levels left

rFire   . . .      SeeInvis .    e - +1 rapier
rCold   . . .      Faith    .    (no shield)
rNeg    . . .      Spirit   .    (helmet restricted)
rPois   .          Reflect  +    s - amulet of reflection
rElec   .          Harm     .    f - +5 ring of evasion
rCorr   .          Rampage  .    r - ring of flight
Will    .....                    (no ring)
Stlth   +++++++                  (no ring)
HPRegen 0.29/turn                (no ring)
MPRegen 0.14/turn                (no ring)
                                 (no ring)
                                 (no ring)

@: flying, very slightly contaminated, wreathed by umbra
A: almost no armour, amphibious, 8 rings, camouflage 1, gelatinous body 1,
(nimble swimmer 1), tentacles
a: Renounce Religion, Shadow Step


You were on level 7 of the Dungeon.
You worshipped Dithmenos.
Dithmenos was pleased with you.
You visited 2 branches of the dungeon, and saw 8 of its levels.

You collected 399 gold pieces.
You spent 60 gold pieces at shops.

Inventory:

Hand Weapons
 e - a +1 rapier (weapon)
Missiles
 j - 7 poisoned darts (quivered)
 n - a throwing net
Jewellery
 f - a +5 ring of evasion (left tentacle)
 r - a ring of flight (right tentacle)
 s - an amulet of reflection (around mantle)
Scrolls
 a - a scroll of magic mapping {unknown}
 b - a scroll of summoning
 c - a scroll of amnesia {unknown}
 d - 4 scrolls of teleportation
 g - 3 scrolls of silence
 m - 2 scrolls of poison
 p - a scroll of enchant armour
Potions
 h - 2 potions of brilliance {unknown}
 i - 4 potions of curing
 k - a potion of might {unknown}
 l - 2 potions of resistance
 o - a potion of degeneration {unknown}
 q - 2 potions of magic {unknown}
 t - a potion of mutation {unknown}
 w - a potion of attraction {unknown}
 x - a potion of lignification {unknown}
 z - a potion of heal wounds


   Skills:
 + Level 4.1 Fighting
 + Level 4.6 Short Blades
 * Level 6.6 Dodging
 * Level 9.8 Stealth
 - Level 1.0 Unarmed Combat
 + Level 4.4 Spellcasting
 + Level 5.2 Hexes
 + Level 3.2 Ice Magic


You had 2 spell levels left.
You knew the following spells:

 Your Spells              Type           Power      Damage    Failure   Level
a - Confusing Touch       Hex            21%        N/A       5%          3
b - Summon Guardian Gole  Hex/Summ       12%        N/A       16%         3
c - Ensorcelled Hibernat  Hex/Ice        36%        N/A       4%          2
d - Mephitic Cloud        Conj/Pois/Air  3%         N/A       41%         3
e - Frozen Ramparts       Ice            28%        1d5       12%         3

Your spell library contained the following spells:

 Spells                   Type           Power      Damage    Failure   Level
 Freeze                   Ice            56%        1d7       4%          1
 Magic Dart               Conj           12%        1d3       16%         1
 Call Imp                 Summ           3%         N/A       22%         2
 Tukima's Dance           Hex            21%        N/A       5%          3
 Dazzling Flash           Conj/Hex       24%        N/A       16%         3
 Hailstorm                Conj/Ice       9%         3d4       24%         3
 Orb of Destruction       Conj           1%         9d5       100%        7
 Spellforged Servitor     Conj/Summ      1%         N/A       100%        7


Dungeon Overview and Level Annotations

Branches:
Dungeon (7/15)             Temple (1/1) D:6

Altars:
Ashenzari
Cheibriados
Dithmenos
Elyvilon
Fedhas
Hepliaklqana
Kikubaaqudgha
Makhleb
Okawaru
Qazlal
Sif Muna
Trog
Uskayaw
Vehumet
Wu Jian
Xom
Zin

Shops:
D:4 =   D:6 *


Innate Abilities, Weirdness & Mutations

You cannot wear most types of armour.
You are amphibious.
You can wear up to eight rings at the same time.
Your skin changes colour to match your surroundings (Stealth+).
Your rubbery body absorbs attacks. (AC +1, EV +1)
((You are camouflaged when in or above water. (Stealth+)))
You have tentacles for arms and can constrict up to eight enemies at once.


Message History

The boomerang hits you!
The wall freezes the orc.
You hit the orc priest but do no damage.
The orc priest is almost dead.
You constrict the orc priest, but do no damage.
The wall freezes the orc.
The wall freezes the orc priest but does no damage.
The orc priest closely misses you.
Press: ? - help, v - describe, . - travel
Here: an orc priest, wielding a +0 club and wearing a +0 chain mail (almost dead, constricted by you, umbra)
The floor, spattered with blood.
Unknown command.
Your frozen ramparts will break if you move.
Continue?
You release your grip on the orc priest.
The orc priest attacks as you move away!
The orc priest misses you.
The frozen ramparts melt away as you move.
The orc priest calls upon Beogh to heal something.
The orc warrior throws a boomerang.
The boomerang hits you!
* * * LOW HITPOINT WARNING * * *
You feel much better.
The orc priest casts a cantrip, but nothing happens.
Casting: Frozen Ramparts (dangerous; 12% risk of failure)
Confirm with . or Enter, or press ? or * to list all spells.
Aiming: Ensorcelled Hibernation (safe; 4% risk of failure)
Press: ? - help, Shift-Dir - straight line, f - orc warrior
Aim: an orc warrior, wielding a +0 flail, wearing a +0 plate armour and quivering boomerangs (umbra, chance to affect: 50%)
You miscast Ensorcelled Hibernation.
You are very lightly contaminated with residual magic.
Nothing appears to happen.
The orc priest casts a cantrip, but nothing happens.
The orc warrior hits you with a +0 flail!
* * * LOW HITPOINT WARNING * * *
Casting: Ensorcelled Hibernation (safe; 4% risk of failure)
Confirm with . or Enter, or press ? or * to list all spells.
Aiming: Ensorcelled Hibernation (safe; 4% risk of failure)
Press: ? - help, Shift-Dir - straight line, f/p - orc warrior
Aim: an orc warrior, wielding a +0 flail, wearing a +0 plate armour and quivering boomerangs (umbra, chance to affect: 50%)
The orc warrior resists with significant effort.
The orc warrior hits you with a +0 flail!
You die...

.## ....##########
###..........###
#.......####...#########
..#####..#
###.........## ##.##
###.)......## #..#
##?........#
##@#####...._8_...#
#o......##.....###
#....o...####.....(#
#...#.o...........####
.. #.>###..#####.## ..[#
#.# ###.#### ####
#.###......# ...#.#...<#
#.#.#....#


You could see an orc warrior, an orc priest and an orc.

Vanquished Creatures
  A troll (D:6)
  Sigmund (D:6)
  Eustachio (D:4)
  Edmund (D:4)
  An acid dragon (D:6)
  Duvessa (D:5)
  A water moccasin (D:6)
  An orc warrior (D:6)
  2 black bears
  A sky beast (D:6)
  An ogre (D:7)
  A gnoll sergeant (D:6)
  3 scorpions
  A necrophage (D:3)
  Dowan (D:5)
  5 killer bees (D:5)
  A howler monkey (D:5)
  3 bullfrog zombies (D:6)
  3 hounds
  2 jellies
  A gnoll bouda (D:6)
  6 orc priests
  Crazy Yiuf (D:4)
  5 iguanas
  An orc wizard (D:5)
  3 adders
  8 gnolls
  2 shadow imps
  2 white imps
  A dart slug (D:2)
  14 orcs
  4 ball pythons
  7 endoplasms
  4 giant cockroaches
  7 hobgoblins
  20 jackals
  5 bats
  4 frilled lizards
  4 goblins
  8 kobolds
  6 rats
145 creatures vanquished.

Vanquished Creatures (others)
  13 plants
  4 toadstools (D:1)
  6 withered plants (D:6)
23 creatures vanquished.

Grand Total: 168 creatures vanquished

Notes
Turn   | Place    | Note
-------+----------+-------------------------------------------
     0 | D:1      | Ignak the Octopode Enchanter began the quest for the Orb.
     0 | D:1      | Reached XP level 1. HP: 11/11 MP: 3/3
    32 | D:1      | Reached XP level 2. HP: 10/17 MP: 5/5
    85 | D:1      | Learned a level 2 spell: Ensorcelled Hibernation
   405 | D:1      | Reached XP level 3. HP: 22/22 MP: 6/6
  1122 | D:2      | Learned a level 3 spell: Confusing Touch
  1332 | D:2      | Found an ancient bone altar of Kikubaaqudgha.
  1639 | D:3      | Found a shadowy altar of Dithmenos.
  1645 | D:3      | Became a worshipper of Dithmenos the Shadowed
  1747 | D:3      | Noticed a necrophage
  1753 | D:3      | Killed a necrophage
  1754 | D:3      | Reached skill level 1 in Fighting
  1754 | D:3      | Reached skill level 5 in Stealth
  1754 | D:3      | Reached skill level 1 in Unarmed Combat
  1754 | D:3      | Reached XP level 4. HP: 22/28 MP: 7/7
  1856 | D:3      | Reached XP level 5. HP: 26/33 MP: 8/8
  2739 | D:4      | Found Likliom's Jewellery Shop.
  2884 | D:4      | Noticed a black bear
  2895 | D:4      | Reached XP level 6. HP: 38/38 MP: 2/9
  2901 | D:4      | Noticed Edmund
  2977 | D:4      | Killed a black bear
  3008 | D:4      | Killed Edmund
  3009 | D:4      | Reached skill level 6 in Stealth
  3060 | D:4      | Noticed Eustachio
  3076 | D:4      | Killed Eustachio
  3077 | D:4      | Reached XP level 7. HP: 21/45 MP: 7/11
  3200 | D:4      | Reached * piety under Dithmenos
  3456 | D:4      | Found a runed translucent door.
  3457 | D:4      | Noticed Crazy Yiuf
  3464 | D:4      | Killed Crazy Yiuf
  3542 | D:4      | Found a white marble altar of Elyvilon.
  3738 | D:5      | Entered Level 5 of the Dungeon
  3786 | D:5      | Reached skill level 7 in Stealth
  3791 | D:5      | Reached XP level 8. HP: 51/51 MP: 1/12
  3821 | D:5      | Found a shimmering altar of Xom.
  3888 | D:5      | Reached skill level 1 in Ice Magic
  4123 | D:5      | Reached skill level 5 in Dodging
  4310 | D:5      | Noticed Duvessa
  4310 | D:5      | Noticed Dowan
  4328 | D:5      | Killed Duvessa
  4329 | D:5      | Reached skill level 8 in Stealth
  4334 | D:5      | Killed Dowan
  4720 | D:6      | Reached ** piety under Dithmenos
  4726 | D:6      | Noticed a troll
  4741 | D:6      | Reached XP level 9. HP: 57/57 MP: 14/14
  4754 | D:6      | Killed a troll
  4865 | D:6      | Found a broken altar of Ashenzari.
  4904 | D:6      | Reached skill level 9 in Stealth
  4952 | D:6      | Found a staircase to the Ecumenical Temple.
  4961 | Temple   | Entered the Ecumenical Temple
  5005 | D:6      | Reached skill level 5 in Hexes
  5329 | D:5      | Learned a level 3 spell: Summon Guardian Golem
  5333 | D:5      | Learned a level 3 spell: Mephitic Cloud
  5337 | D:5      | Learned a level 3 spell: Frozen Ramparts
  5583 | D:6      | Found Qeuggyn's General Store.
  5591 | D:6      | Bought a potion of heal wounds for 60 gold pieces
  5598 | D:6      | Noticed Sigmund
  5605 | D:6      | Killed Sigmund
  6101 | D:7      | Found a radiant altar of Vehumet.
  6107 | D:7      | Found an ornate altar of the Wu Jian Council.
  6163 | D:7      | Slain by an orc warrior

Illustrated notes

Levels and vault maps discovered:
D:1:      ldierk_walled_garden_2, layout_loops_corners, minmay_crystal_room
D:2:      layout_rooms, basic_altar
D:3:      layout_loops_cross, grunt_dithmenos_smoke, minmay_cupped
D:4:      layout_basic, elyvilon_altar_1, serial_shops,
          nicolae_shop_behind_doors, uniq_eustachio, uniq_edmund,
          uniq_crazy_yiuf_cottage
D:5:      layout_basic, nicolae_overflow_hidden_temple, minmay_misc_feat_cross,
          uniq_duvessa
D:6:      minmay_chambers_of_fours, layout_cave_pods, kennysheep_mini,
          minmay_temple_entry_waves, serial_undead, serial_undead_f,
          serial_undead_b, serial_undead_e, serial_undead_c, serial_shops,
          nicolae_diamond_shop, nicolae_grassy_gnolls, uniq_sigmund
D:7:      layout_rooms, chequers_temple_overflow_statue_of_worship,
          reono_crystal_passage, uniq_menkaure
Temple:   minmay_freezing_vapour_temple

Skill      XL: |  1  2  3  4  5  6  7  8  9 |
---------------+----------------------------+-----
Fighting       | 1 2 3 4 |  4.1
Stealth        | 5 6 7 8 9 |  9.8
Unarmed Combat | 1 |  1.0
Short Blades   | 2 3 4 |  4.6
Dodging        | 3 4 5 6 |  6.6
Spellcasting   | 3 4 |  4.4
Hexes          | 4 5 |  5.2
Ice Magic      | 2 3 |  3.2

Action                   |  1- 3 |  4- 6 |  7- 9 || total
-------------------------+-------+-------+-------++-------
Melee: Dagger            |    85 |    61 |       ||   146
       Constrict         |    18 |    15 |    39 ||    72
       Tentacles         |    19 |    14 |    43 ||    76
       Punch             |     1 |     2 |     1 ||     4
       Rapier            |       |       |   173 ||   173
Throw: Throwing net      |       |     2 |       ||     2
       Dart              |       |     8 |     1 ||     9
 Cast: Ensorcelled Hiber |       |     7 |    35 ||    42
       Confusing Touch   |       |     1 |       ||     1
       Frozen Ramparts   |       |       |     2 ||     2
  Use: Scroll            |       |     7 |     9 ||    16
       Potion            |       |     1 |     4 ||     5
 Stab: Sleeping          |    23 |     6 |    32 ||    61
       Confused          |       |     1 |       ||     1
       Invisible         |       |       |     2 ||     2
       Distracted        |       |       |     2 ||     2
Armor: Skin              |     3 |     2 |     2 ||     7
Dodge: Dodged            |    40 |    41 |   170 ||   251
Block: Other             |       |       |    23 ||    23
       Reflection        |       |       |     1 ||     1

Table legend: (Time is in decaauts)
 A = Elapsed time spent in this place.
 B = Non-inter-level travel time spent in this place.
 C = Inter-level travel time spent in this place.
 D = Time resting spent in this place.
 E = Time spent auto-exploring this place.
 F = Levels seen in this place.
 G = Mean time per level.
                   A        B        C        D        E       F      G
               +--------+--------+--------+--------+--------+-----+--------+
         Total |   6153 |   5882 |    271 |    749 |   3403 |   8 |  769.1 |
       Dungeon |   6151 |   5880 |    271 |    749 |   3403 |   7 |  878.7 |
        Temple |      1 |      1 |      0 |      0 |      0 |   1 |    1.0 |
               +--------+--------+--------+--------+--------+-----+--------+

Top non-repeatable levels by time:
     D:6: 1271 daAuts
     D:4: 1199 daAuts
     D:1: 1089 daAuts
     D:5: 1050 daAuts
     D:3: 993 daAuts
     D:2: 444 daAuts
     D:7: 102 daAuts
  Temple: 1 daAuts
